 Dungeon Crawl Stone Soup version 0.28.0-45-g0d030f2227 (webtiles) character file.

Game seed: 13763993718096111410

1164 Amplified the Skirmisher (level 8, 0/73 HPs)
             Began as a Minotaur Fighter on Apr 11, 2022.
             Was a Follower of Okawaru.
             Slain by a yak (10 damage)
             ... on level 5 of the Dungeon.
             The game lasted 00:08:36 (4396 turns).

Amplified the Skirmisher (Minotaur Fighter)         Turns: 4396, Time: 00:08:37

Health: 0/73       AC:  7    Str: 24    XL:     8   Next: 17%
Magic:  7/7        EV: 10    Int:  5    God:    Okawaru [*.....]
Gold:   29         SH:  5    Dex:  9    Spells: 4/7 levels left

rFire   + . .      SeeInvis .   a - +2 war axe (vorpal)
rCold   + . .      Faith    .   c - +1 buckler
rNeg    . . .      Spirit   .   b - +0 scale mail
rPois   +          Reflect  .   (helmet restricted)
rElec   .          Harm     .   h - scarf {rC+ rF+}
rCorr   +          Rampage  .   (no gloves)
Will    .....                   (no boots)
Stlth   ..........              (no amulet)
HPRegen 0.22/turn               g - ring of poison resistance
MPRegen 0.10/turn               j - ring of resist corrosion

@: no status effects
A: horns 2, retaliatory headbutt
a: Renounce Religion, Heroism


You were on level 5 of the Dungeon.
You worshipped Okawaru.
Okawaru was aware of your devotion.
You visited 2 branches of the dungeon, and saw 8 of its levels.

You collected 119 gold pieces.
You spent 90 gold pieces at shops.

Inventory:

Hand Weapons
 a - a +2 vorpal war axe (weapon)
Missiles
 m - 3 poisoned darts (quivered)
Armour
 b - a +0 scale mail (worn)
 c - a +1 buckler (worn)
 d - a +1 scale mail of cold resistance
 h - a scarf of resistance (worn)
Jewellery
 g - a ring of poison resistance (left hand)
 j - a ring of resist corrosion (right hand)
Scrolls
 e - 2 scrolls of identify
 i - a scroll of brand weapon
Potions
 f - 2 potions of cancellation
 k - a potion of flight
 l - a potion of magic


   Skills:
 * Level 7.1 Fighting
 * Level 6.5 Axes
 + Level 6.1 Armour
 + Level 4.2 Dodging
 - Level 5.0 Shields


You had 4 spell levels left.
You knew the following spells:

 Your Spells              Type           Power      Damage    Failure   Level
a - Dazzling Flash        Conj/Hex       0%         N/A       99%         3

Your spell library contained the following spells:

 Spells                   Type           Power      Damage    Failure   Level
 Iskenderun's Mystic Bla  Conj/Tloc      0%         2d3       100%        4
 Conjure Ball Lightning   Conj/Air       0%         3x3d6     100%        6
 Starburst                Conj/Fire      0%         6d3       100%        6
 Discord                  Hex            0%         N/A       100%        8
 Disjunction              Tloc           0%         N/A       100%        8


Dungeon Overview and Level Annotations

Branches:
Dungeon (7/15)             Temple (1/1) D:4

Altars:
Ashenzari
Cheibriados
Dithmenos
Fedhas
Hepliaklqana
Kikubaaqudgha
Makhleb
Nemelex Xobeh
Okawaru
Qazlal
Ru
Trog
Vehumet
Wu Jian
Xom
Yredelemnul
Zin
The Shining One

Shops:
D:3 *

Annotations:
D:5 Prince Ribbit
D:6 Blork the orc


Innate Abilities, Weirdness & Mutations

You have a pair of horns on your head.
You reflexively headbutt those who attack you in melee.


Message History

A yak comes into view.
You don't have any unidentified items.
Unknown command.
Okay, then.
Okay, then.
The yak bellows!
You block the yak's attack.
Okay, then.
Unknown command.
Okay, then.
Casting: Dazzling Flash (quite dangerous; 99% risk of failure)
Confirm with . or Enter, or press ? or * to list all spells.
Okay, then.
The yak gores you!
You slash the yak! You headbutt the yak, but do no damage.
The yak is severely wounded.
You hit the yak but do no damage. You hit the yak. The yak gores you!
You block the yak's attack. The yak gores you!
Unknown command.
You slash the yak!
You kill the yak!
Okawaru is honoured by your kill.
You can now gain great but temporary skills.
You slash the yak! You barely miss the yak. The yak gores you.
The yak barely misses you. You furiously retaliate!
You headbutt the yak, but do no damage.
Your Axes skill increases to level 6!
Your Dodging skill increases to level 4!
You have reached level 8!
You feel stronger.
You slash the yak!
You kill the yak!
Okawaru accepts your kill.
You hit the yak. The yak gores you!
* * * LOW HITPOINT WARNING * * *
Your Fighting skill increases to level 7!
Your Armour skill increases to level 6!
You see here a yak corpse.
The yak gores you!
You die...

.....) ##....##..
.........###.......#
..........#........#
.....##............##
................†...#
......#.........†...#
......####.####.#...#
.......###.# #.Y....#
.......<...####†@...#
..#...#.....#####..##
#...........# #...#
##...##....## ##..#
#...####### #.##
##### ###


You could see a yak.

Vanquished Creatures
  2 yaks (D:5)
  A water moccasin (D:3)
  A sky beast (D:5)
  An ogre (D:6)
  2 scorpions
  5 hounds
  2 orc priests
  3 iguanas
  An orc wizard (D:3)
  3 gnolls (D:2)
  7 adders
  An ufetubus (D:6)
  5 worms
  4 orcs
  9 endoplasms
  2 giant cockroaches
  5 goblins
  3 hobgoblins
  4 jackals (D:1)
  7 kobolds
  2 quokkas
  5 ball pythons
  6 bats
  2 frilled lizards
  A quokka skeleton (D:4)
  7 rats
91 creatures vanquished.

Vanquished Creatures (others)
  3 fungi (D:3)
  10 plants (D:3)
13 creatures vanquished.

Grand Total: 104 creatures vanquished

Notes
Turn   | Place    | Note
-------+----------+-------------------------------------------
     0 | D:1      | Amplified the Minotaur Fighter began the quest for the Orb.
     0 | D:1      | Reached XP level 1. HP: 19/19 MP: 0/0
   127 | D:1      | Found a faded altar of an unknown god.
   177 | D:1      | Reached XP level 2. HP: 24/27 MP: 1/1
   840 | D:2      | Reached skill level 1 in Dodging
  1014 | D:2      | Reached skill level 4 in Fighting
  1014 | D:2      | Reached XP level 3. HP: 33/33 MP: 2/2
  1415 | D:2      | Reached XP level 4. HP: 40/40 MP: 3/3
  1536 | D:3      | Learned a level 3 spell: Dazzling Flash
  2151 | D:3      | Noticed a water moccasin
  2318 | D:3      | Reached XP level 5. HP: 34/47 MP: 4/4
  2404 | D:4      | Found a staircase to the Ecumenical Temple.
  2417 | D:3      | You fall into a shaft and drop 3 floors!
  2417 | D:6      | Noticed a troll
  2418 | D:6      | Noticed an orc warrior
  2595 | D:6      | Found a glowing golden altar of the Shining One.
  2797 | D:6      | Noticed an ogre
  2818 | D:6      | Killed an ogre
  2819 | D:6      | Reached XP level 6. HP: 44/55 MP: 5/5
  2864 | D:6      | Reached skill level 5 in Fighting
  2864 | D:6      | Reached skill level 5 in Armour
  2864 | D:6      | Reached skill level 5 in Shields
  2940 | D:6      | Noticed a sky beast
  2999 | D:5      | Entered Level 5 of the Dungeon
  3000 | D:5      | Noticed a sky beast
  3036 | D:6      | Noticed Blork the orc
  3057 | D:5      | Noticed Prince Ribbit
  3324 | D:4      | Reached XP level 7. HP: 52/61 MP: 6/6
  3461 | Temple   | Entered the Ecumenical Temple
  3572 | Temple   | Became a worshipper of Warmaster Okawaru
  3810 | D:3      | Found a stormy altar of Qazlal.
  3810 | D:3      | Found a shimmering altar of Xom.
  3811 | D:3      | Found a blossoming altar of Fedhas.
  3814 | D:3      | Reached skill level 5 in Axes
  3883 | D:3      | Reached skill level 6 in Fighting
  4131 | D:3      | Found Gyebeyguli's General Store.
  4140 | D:3      | Bought a scroll of enchant weapon for 90 gold pieces
  4380 | D:5      | Noticed a yak
  4386 | D:5      | Noticed a yak
  4387 | D:5      | Noticed a yak
  4393 | D:5      | Killed a yak
  4393 | D:5      | Reached * piety under Okawaru
  4394 | D:5      | Reached XP level 8. HP: 22/71 MP: 7/7
  4395 | D:5      | Reached skill level 7 in Fighting
  4396 | D:5      | Slain by a yak

Illustrated notes

Levels and vault maps discovered:
D:1:      dpeg_arrival_simpleton_b, layout_basic,
          hellmonk_ecumenical_altar_run_dry, minmay_pentomino_x2
D:2:      layout_loops_ring, minmay_misc_feat_four_crosses
D:3:      layout_rooms, grunt_temple_overflow_forces_of_nature, xom_redecorated,
          serial_shops, shop, grunt_decor_arrowhead, serial_bayou_ford_a,
          nicolae_wormholes
D:4:      layout_cave_pools, minmay_temple_entry_arrows, kennysheep_diamond
D:5:      layout_cave_pools, minmay_misc_feat_cross, uniq_prince_ribbit1
D:6:      layout_cave_pools, lemuel_crystal_altar, uniq_blork_the_orc
D:7:      layout_basic, led_sif_pool, mainiacjoe_overflow_paths, serial_shops,
          shop, nicolae_shop_sticking_my_neck_out
Temple:   jpeg_temple_clearing

Skill      XL: |  1  2  3  4  5  6  7  8 |
---------------+-------------------------+-----
Dodging        | 1 2 3 4 |  4.2
Fighting       | 4 5 6 7 |  7.1
Armour         | 4 5 6 |  6.1
Shields        | 4 5 |  5.0
Axes           | 3 4 6 |  6.5

Action                   |  1- 3 |  4- 6 |  7- 9 || total
-------------------------+-------+-------+-------++-------
Melee: War axe           |    52 |   107 |    52 ||   211
       Headbutt          |     5 |    11 |    16 ||    32
  Use: Scroll            |     2 |     7 |     1 ||    10
       Potion            |     1 |     6 |       ||     7
Armor: Scale mail        |    34 |    71 |    22 ||   127
Dodge: Dodged            |    23 |    75 |    20 ||   118
Block: Buckler           |    14 |    30 |    16 ||    60
